 Dungeon Crawl Stone Soup version 0.27.1 (webtiles) character file.

Game seed: 8020105203242854430

1530 ZARRMARR the Archer (level 8, -4/48 HPs)
             Began as a Deep Elf Hunter on Aug 30, 2021.
             Was an Initiate of Ru.
             Slain by a wraith (9 damage)
             ... on level 6 of the Dungeon.
             The game lasted 00:39:41 (5387 turns).

ZARRMARR the Archer (Deep Elf Hunter)               Turns: 5387, Time: 00:39:42

Health: -4/48      AC:  5    Str: 15    XL:     8   Next: 55%
Magic:  16/16      EV: 14    Int: 19    God:    Ru [......]
Gold:   198        SH:  0    Dex: 15    Spells: 16/16 levels left

rFire    . . .     SeeInvis .   e - +2 spear (vorpal)
rCold    . . .     Faith    .   (no shield)
rNeg     . . .     Spirit   .   c - +0 leather armour
rPois    +         Reflect  .   d - +0 helmet "Trusted Companion" {rPois}
rElec    .         Harm     .   (no cloak)
rCorr    .         Rampage  .   (no gloves)
Will     .....                  x - +0 pair of boots
Stlth    ++........             j - amulet of regeneration
HPRegen  1.16/turn              y - +6 ring of strength
MPRegen  0.15/turn              (no ring)

@: mighty, slowed, studying Bows, very slow
A: no striking features
a: Renounce Religion, Sacrifice Artifice, Sacrifice Love, Sacrifice Purity,
Reject Sacrifices


You were on level 6 of the Dungeon.
You worshipped Ru.
Ru was noncommittal.
You visited 1 branch of the dungeon, and saw 6 of its levels.
You also visited: Sewer.

You collected 198 gold pieces.

Inventory:

Hand Weapons
 e - a +2 vorpal spear (weapon)
 h - a +1 vorpal longbow
Missiles
 k - 33 poisoned darts (quivered)
 m - 2 curare-tipped darts
 w - 2 javelins
Armour
 c - a +0 leather armour (worn)
 d - the +0 helmet "Trusted Companion" (worn) {rPois}
   (You took it off Robin on level 2 of the Dungeon)

   rPois:     It protects you from poison.
 x - a +0 pair of boots (worn)
Jewellery
 f - an amulet of faith
 j - an amulet of regeneration (around neck)
 y - a +6 ring of strength (left hand)
Wands
 v - a wand of iceblast (10)
Scrolls
 g - 2 scrolls of enchant armour {unknown}
 i - 3 scrolls of teleportation {unknown}
 n - a scroll of fog {unknown}
 t - a scroll of brand weapon {unknown}
 u - 2 scrolls of noise {unknown}
Potions
 a - a potion of haste {unknown}
 b - 2 potions of resistance
 l - a potion of magic
 o - a potion of mutation {unknown}
 p - a potion of degeneration {unknown}
 q - a potion of attraction {unknown}
 r - a potion of might
 s - 2 potions of heal wounds {unknown}


   Skills:
 + Level 4.7 Fighting
 + Level 10.2 Bows
 + Level 6.5 Dodging
 + Level 3.5 Stealth
 * Level 4.6 Spellcasting
 * Level 3.8 Ice Magic


You had 16 spell levels left.
You didn't know any spells.
Your spell library contained the following spells:

 Spells                   Type           Power      Damage    Failure   Level
 Beastly Appendage        Tmut           8%         N/A       16%         1
 Sting                    Tmut/Pois      16%        1d3       16%         1
 Poisonous Vapours        Pois/Air       8%         N/A       24%         2
 Slow                     Hex            4%         N/A       24%         2
 Static Discharge         Conj/Air       4%         N/A       24%         2
 Wereblood                Tmut           4%         N/A       24%         2
 Confusing Touch          Hex            4%         N/A       43%         3
 Gell's Gravitas          Tloc           2%         N/A       43%         3
 Spider Form              Tmut/Pois      2%         N/A       43%         3
 Teleport Other           Tloc           4%         N/A       43%         3
 Vampiric Draining        Necr           2%         2d6       43%         3
 Dispel Undead            Necr           4%         3d7       85%         4
 Olgreb's Toxic Radiance  Pois           4%         N/A       85%         4
 Sticky Flame             Conj/Fire      4%         2d3       85%         4
 Dispersal                Tloc           2%         N/A       100%        6
 Ozocubu's Refrigeration  Ice            9%         4d6       100%        7
 Ignition                 Fire           2%         3d3       100%        8


Dungeon Overview and Level Annotations

Branches:
Dungeon (6/15)             Temple (0/1) D:4           Sewer (visited)

Altars:
Ru
Vehumet
Wu Jian

Shops:
D:2 =

Annotations:
D:5 Dowan, Duvessa


Message History

The wraith hits you.
You barely miss the wraith.
The wraith is lightly damaged.
The wraith barely misses you.
You hit the wraith.
The wraith is lightly damaged.
The wraith hits you! The wraith drains your vigour!
You feel yourself slow down. The wraith hits you.
You hit the wraith.
The wraith is moderately damaged.
The wraith barely misses you.
You barely miss the wraith.
The wraith is moderately damaged.
The wraith misses you. The wraith barely misses you.
You hit the wraith but do no damage.
The wraith is moderately damaged.
The wraith hits you.
You hit the wraith but do no damage.
The wraith is moderately damaged.
The wraith hits you! The wraith hits you. The wraith drains your vigour!
You feel as though you will be slow longer.
You closely miss the wraith.
The wraith is moderately damaged.
The wraith hits you. The wraith drains your vigour!
You feel as though you will be slow longer.
The wraith hits you!
* * * LOW HITPOINT WARNING * * *
Press: ? - help, v - describe, . - travel The floor, spattered with blood.
The wraith hits you!
* * * LOW HITPOINT WARNING * * *
The wraith drains your vigour!
You feel as though you will be slow longer.
It was a potion of magic.
Magic courses through your body. The wraith closely misses you.
Unknown command.
It was a potion of might.
You feel very mighty all of a sudden. The wraith completely misses you.
The wraith hits you!
You die...

#....#.##.##.....#..##..
#.........##.....#..##..
#....#.##.##.##### ...
#................ ##..
##+###.##.##.#### #
####.....##.##.#
.....###.##.##.##
......##.##.#....
........W@.......
.......##..##..##
......# ##.... ......
#..## !.... ..# ####+
..# .. ...


You could see a wraith.

Vanquished Creatures
  Edmund (D:5)
  An ice beast (D:6)
  A necrophage (D:6)
  2 ogres
  Blork the orc (D:5)
  6 kobold brigands (Sewer)
  2 scorpions (D:4)
  A centaur zombie (D:5)
  A bullfrog zombie (D:6)
  A centaur skeleton (D:4)
  Jessica (D:2)
  2 iguanas (D:5)
  An orc wizard (D:3)
  Robin (D:2)
  11 adders
  A gnoll (D:4)
  3 river rats (Sewer)
  3 white imps (D:6)
  An ufetubus (D:5)
  An adder skeleton (D:4)
  2 worms (Sewer)
  A dart slug (D:1)
  14 orcs
  7 ball pythons
  4 bats
  3 endoplasms
  A giant cockroach (D:1)
  11 goblins
  14 hobgoblins
  8 jackals
  2 quokkas
  10 kobolds
  7 rats
126 creatures vanquished.

Notes
Turn   | Place    | Note
-------+----------+-------------------------------------------
     0 | D:1      | ZARRMARR the Deep Elf Hunter began the quest for the Orb.
     0 | D:1      | Reached XP level 1. HP: 12/12 MP: 3/3
    68 | D:1      | Reached XP level 2. HP: 16/16 MP: 4/4
    97 | D:1      | Reached skill level 6 in Bows
   704 | D:1      | Identified a scroll of acquirement
   704 | D:1      | Acquired a manual of Bows
   856 | D:2      | Found Tommoy's Jewellery Shop.
   920 | D:2      | Reached XP level 3. HP: 20/20 MP: 5/5
   930 | D:2      | Noticed Jessica
   936 | D:2      | Killed Jessica
   937 | D:2      | Reached skill level 7 in Bows
  1001 | D:2      | Identified the +0 helmet "Trusted Companion" {rPois}
  1001 | D:2      | Noticed Robin
  1089 | D:1      | Reached XP level 4. HP: 16/26 MP: 6/6
  1463 | D:2      | Killed Robin
  1607 | D:2      | Reached skill level 8 in Bows
  1630 | D:2      | Found a radiant altar of Vehumet.
  1982 | D:3      | Found a sacrificial altar of Ru.
  2001 | D:3      | Reached XP level 5. HP: 17/31 MP: 7/7
  2035 | D:3      | Became a worshipper of Ru the Awakened
  2216 | D:3      | Acquired a +1 vorpal longbow
  2584 | D:4      | Found a staircase to the Ecumenical Temple.
  2715 | D:4      | Found a glowing drain.
  2726 | D:4      | Reached skill level 9 in Bows
  2735 | Sewer    | Entered a sewer
  2767 | Sewer    | Reached skill level 1 in Spellcasting
  2848 | Sewer    | Reached skill level 1 in Ice Magic
  2848 | Sewer    | Reached XP level 6. HP: 19/37 MP: 8/10
  3296 | Sewer    | Reached XP level 7. HP: 41/41 MP: 12/12
  3333 | Sewer    | Reached skill level 10 in Bows
  4185 | D:5      | Entered Level 5 of the Dungeon
  4398 | D:5      | Noticed Duvessa
  4401 | D:5      | Noticed Dowan
  4497 | D:5      | Reached skill level 5 in Dodging
  4547 | D:5      | HP: 1/43 [iguana (10)]
  4550 | D:5      | Reached XP level 8. HP: 4/48 MP: 15/15
  4667 | D:5      | Noticed Edmund
  4676 | D:5      | Killed Edmund
  4707 | D:5      | Noticed Blork the orc
  4722 | D:5      | Killed Blork the orc
  5104 | D:6      | Found an ornate altar of the Wu Jian Council.
  5385 | D:6      | HP: 1/48 [wraith (12)]
  5387 | D:6      | Slain by a wraith

Illustrated notes

Levels and vault maps discovered:
D:1:      minmay_arrival_solitary_statue, layout_basic, hangedman_glass_teeth,
          serial_park_tiny_1
D:2:      layout_loops_ring, basic_altar, serial_shops, nicolae_diamond_shop,
          uniq_robin, uniq_jessica
D:3:      layout_loops_cross, mainiacjoe_overflow_surrounded_room,
          solitary_fountain
D:4:      layout_rooms, temple_pool_b, portal_sewer_entry_d, sigmund_army
D:5:      layout_gridville, doesnt_xom_only_xom, uniq_duvessa,
          uniq_blork_the_orc, uniq_edmund
D:6:      layout_basic, nicolae_wu_jian_wuxing_cycle, st_stairs_11,
          minmay_statues_item, palyth_stone_intersect

Skill      XL: |  1  2  3  4  5  6  7  8 |
---------------+-------------------------+-----
Bows           | 6 7 8 9 10 | 10.2
Fighting       | 2 3 4 |  4.7
Dodging        | 3 5 6 |  6.5
Spellcasting   | 1 2 3 4 |  4.6
Ice Magic      | 1 2 3 |  3.8
Stealth        | 2 3 |  3.5

Action                   |  1- 3 |  4- 6 |  7- 9 || total
-------------------------+-------+-------+-------++-------
Melee: Short sword       |       |    32 |       ||    32
       Spear             |       |   155 |   256 ||   411
 Fire: Shortbow          |    65 |    41 |       ||   106
       Longbow           |       |     3 |       ||     3
Throw: Boomerang         |       |     2 |       ||     2
       Javelin           |       |     2 |    13 ||    15
       Dart              |       |     3 |    75 ||    78
  Use: Scroll            |     5 |     1 |     1 ||     7
       Potion            |       |       |     2 ||     2
 Stab: Sleeping          |       |       |     1 ||     1
Armor: Leather armour    |    11 |    36 |    52 ||    99
Dodge: Dodged            |    22 |    92 |   155 ||   269
